NCAA
KANSAS STATE WILDCATS @ AUBURN TIGERS
05/12/2024
 
TOP OF THE 1ST
Kansas State Wildcats batting - Pitching for Auburn Tigers : RHP Gary Wilson
Pitching: RHP Gary Wilson
Batting: RHB Bill Jordan 0-0: Swinging Strike
0-1: Foul Ball, location: 2F
0-2: Ball
1-2: Ball
2-2: SINGLE (Line Drive, 7S)
Batting: SHB Don Pittman 0-0: Foul Ball, location: 2F
0-1: Ball
1-1: 2-RUN HOME RUN (Flyball, 9LD), Distance : 314 ft
Batting: LHB Tony Smith 0-0: Called Strike
0-1: Swinging Strike
0-2: Hit by Pitch
Batting: LHB Kyle Harrison 0-0: Called Strike
0-1: Called Strike
0-2: Ball
1-2: Foul Ball, location: 2F
1-2: Ball
Passed Ball!
Tony Smith to second
2-2: Foul Ball, location: 2F
2-2: Strikes out swinging
Batting: LHB Juan Cuervo 0-0: Called Strike
0-1: Ball
1-1: Foul Ball, location: 2F
1-2: Foul Ball, location: 2F
1-2: Ground out 3-1 (Groundball, 34)
Tony Smith to third
Batting: LHB José Rodríguez 0-0: Called Strike
0-1: Ball
1-1: Ball
2-1: Ball
3-1: Base on Balls
Batting: RHB David Hernández 0-0: Ball
1-0: Ball
2-0: Foul Ball, location: 2F
2-1: Ball
3-1: SINGLE (Flyball, 56D)
Tony Smith scores
José Rodríguez to second
Batting: RHB John Wilson 0-0: Called Strike
0-1: Ball
1-1: Foul Ball, location: 2F
1-2: Ball
2-2: Foul Ball, location: 2F
2-2: Foul Ball, location: 2F
2-2: Ball
3-2: Foul Ball, location: 2F
3-2: Foul Ball, location: 2F
3-2: Foul Ball, location: 2F
3-2: Ground out 5-3 (Groundball, 5)
Top of the 1st over - 3 run(s), 3 hit(s), 0 error(s), 2 left on base; Kansas State 3 - Auburn 0
BOTTOM OF THE 1ST
Auburn Tigers batting - Pitching for Kansas State Wildcats : RHP Gil Paling
Pitching: RHP Gil Paling
Batting: RHB John Zimmerman 0-0: SINGLE (Line Drive, 56D)
Batting: SHB Tim Campbell 0-0: Called Strike
0-1: Swinging Strike
0-2: Ball
1-2: Ball
2-2: Foul Ball, location: 2F
2-2: Ball
3-2: Base on Balls
John Zimmerman to second
Batting: RHB Jeff Jones 0-0: Ball
1-0: Ball
Tim Campbell is caught stealing 2nd base
2-0: Ball
3-0: Base on Balls
Batting: LHB Edison Snyder 0-0: SINGLE (Line Drive, 34D)
John Zimmerman scores
Jeff Jones to second
Runner from 2nd tries for 3rd, SAFE, throw made to third
Batting: RHB Doyle O'Dell 0-0: Ball
1-0: Called Strike
1-1: Called Strike
1-2: Grounds into double play, 6-4-3 (Groundball, 6)
Bottom of the 1st over - 1 run(s), 2 hit(s), 0 error(s), 1 left on base; Kansas State 3 - Auburn 1
TOP OF THE 2ND
Kansas State Wildcats batting - Pitching for Auburn Tigers : RHP Gary Wilson
Batting: RHB Andrew Deal 0-0: Foul Ball, location: 2F
0-1: Ball
1-1: Bunt for hit - play at first, batter OUT! 1-3
Batting: RHB Bill Jordan 0-0: Ball
1-0: Ground out 6-3 (Groundball, 6)
Batting: SHB Don Pittman 0-0: Ball
1-0: Swinging Strike
1-1: Ball
2-1: Ball
3-1: Foul Ball, location: 2F
3-2: Strikes out looking
Top of the 2nd over - 0 run(s), 0 hit(s), 0 error(s), 0 left on base; Kansas State 3 - Auburn 1
BOTTOM OF THE 2ND
Auburn Tigers batting - Pitching for Kansas State Wildcats : RHP Gil Paling
Batting: RHB António Martínez 0-0: Fly out, F5 (Line Drive, 5)
Batting: RHB Ángelo Young 0-0: Ball
1-0: Foul Ball, location: 2F
1-1: Foul Ball, location: 2F
1-2: Ground out 5-3 (Groundball, 56)
Batting: RHB Artie Frye 0-0: Ball
1-0: Fly out, F4 (Popup, 4)
Bottom of the 2nd over - 0 run(s), 0 hit(s), 0 error(s), 0 left on base; Kansas State 3 - Auburn 1
TOP OF THE 3RD
Kansas State Wildcats batting - Pitching for Auburn Tigers : RHP Gary Wilson
Batting: LHB Tony Smith 0-0: Ball
1-0: Foul Ball, location: 2F
1-1: Called Strike
1-2: Ball
2-2: Ball
3-2: Strikes out swinging
Batting: LHB Kyle Harrison 0-0: Ball
1-0: Foul Ball, location: 2F
1-1: Ball
2-1: Called Strike
2-2: Ball
3-2: Strikes out swinging
Batting: LHB Juan Cuervo 0-0: Swinging Strike
0-1: Called Strike
0-2: Ball
1-2: Strikes out swinging
Top of the 3rd over - 0 run(s), 0 hit(s), 0 error(s), 0 left on base; Kansas State 3 - Auburn 1
BOTTOM OF THE 3RD
Auburn Tigers batting - Pitching for Kansas State Wildcats : RHP Gil Paling
Batting: RHB Jody Díaz 0-0: Called Strike
0-1: Foul Ball, location: 2F
0-2: Ball
1-2: Strikes out swinging
Batting: RHB John Zimmerman 0-0: Ball
1-0: Swinging Strike
1-1: Foul Ball, location: 2F
1-2: Ground out 5-3 (Groundball, 56S)
Batting: SHB Tim Campbell 0-0: Ball
1-0: Ball
2-0: Ground out 4-3 (Groundball, 4MD)
Bottom of the 3rd over - 0 run(s), 0 hit(s), 0 error(s), 0 left on base; Kansas State 3 - Auburn 1
TOP OF THE 4TH
Kansas State Wildcats batting - Pitching for Auburn Tigers : RHP Gary Wilson
Batting: LHB José Rodríguez 0-0: Ball
1-0: Ball
2-0: Ball
3-0: Base on Balls
Batting: RHB David Hernández 0-0: Ball
1-0: Called Strike
1-1: Ball
2-1: SINGLE (Line Drive, 34D)
José Rodríguez to second
Batting: RHB John Wilson 0-0: Ball
1-0: Ball
2-0: Ball
3-0: Fly out, F7 (Flyball, 78M)
Pitching: RHP Melvin Hernández
Batting: RHB Andrew Deal 0-0: Ball
1-0: Foul Ball, location: 2F
1-1: Fly out, F3 (Popup, 3F)
Batting: RHB Bill Jordan 0-0: Foul Ball, location: 2F
0-1: Foul Ball, location: 2F
0-2: Strikes out swinging
Top of the 4th over - 0 run(s), 1 hit(s), 0 error(s), 2 left on base; Kansas State 3 - Auburn 1
BOTTOM OF THE 4TH
Auburn Tigers batting - Pitching for Kansas State Wildcats : RHP Gil Paling
Batting: RHB Jeff Jones 0-0: SINGLE (Groundball, 4MD)
Batting: LHB Edison Snyder 0-0: Ball
1-0: Called Strike
1-1: Ball
2-1: Ball
3-1: Foul Ball, location: 2F
3-2: SINGLE (Groundball, 34D)
Jeff Jones to second
Batting: RHB Doyle O'Dell 0-0: Called Strike
0-1: Hit by Pitch
Jeff Jones to third
Edison Snyder to second
Batting: RHB António Martínez 0-0: Foul Ball, location: 2F
0-1: Swinging Strike
0-2: Ball
1-2: Strikes out looking
Batting: RHB Ángelo Young 0-0: Ball
1-0: Ball
2-0: Ball
3-0: Called Strike
3-1: Swinging Strike
3-2: Foul Ball, location: 2F
3-2: Strikes out looking
Batting: RHB Artie Frye 0-0: Ball
1-0: Foul Ball, location: 2F
1-1: Ball
2-1: Swinging Strike
2-2: Foul Ball, location: 2F
2-2: Foul Ball, location: 2F
2-2: Foul Ball, location: 2F
2-2: Strikes out swinging
Bottom of the 4th over - 0 run(s), 2 hit(s), 0 error(s), 3 left on base; Kansas State 3 - Auburn 1
TOP OF THE 5TH
Kansas State Wildcats batting - Pitching for Auburn Tigers : RHP Melvin Hernández
Batting: SHB Don Pittman 0-0: Called Strike
0-1: Foul Ball, location: 2F
0-2: Ball
1-2: Ball
2-2: Foul Ball, location: 2F
2-2: Ball
3-2: SINGLE (Groundball, 34)
Batting: LHB Tony Smith 0-0: Ball
1-0: Swinging Strike
1-1: Fielders Choice at 2nd, 5-4 (Groundball, 56)
Batting: LHB Kyle Harrison 0-0: Ball
1-0: Ball
2-0: Foul Ball, location: 2F
2-1: Ball
3-1: Foul Ball, location: 2F
3-2: Base on Balls
Tony Smith to second
Batting: LHB Juan Cuervo 0-0: Fielders Choice at 2nd, 1-6 (Groundball, 13)
Tony Smith to third
Batting: LHB José Rodríguez 0-0: Called Strike
0-1: Swinging Strike
0-2: Ball
1-2: Ball
2-2: Ball
3-2: Base on Balls
Juan Cuervo to second
Batting: RHB David Hernández 0-0: Swinging Strike
0-1: Swinging Strike
0-2: Foul Ball, location: 2F
0-2: Ball
1-2: Fly out, F7 (Flyball, 78M)
Top of the 5th over - 0 run(s), 1 hit(s), 0 error(s), 3 left on base; Kansas State 3 - Auburn 1
BOTTOM OF THE 5TH
Auburn Tigers batting - Pitching for Kansas State Wildcats : RHP Gil Paling
Batting: RHB Jody Díaz 0-0: Ball
1-0: Called Strike
1-1: Fly out, F8 (Flyball, 8LM)
Batting: RHB John Zimmerman 0-0: Fly out, F2 (Popup, 2RF)
Batting: SHB Tim Campbell 0-0: Fly out, F9 (Flyball, 9M)
Bottom of the 5th over - 0 run(s), 0 hit(s), 0 error(s), 0 left on base; Kansas State 3 - Auburn 1
TOP OF THE 6TH
Kansas State Wildcats batting - Pitching for Auburn Tigers : RHP Melvin Hernández
Batting: RHB John Wilson 0-0: Ball
1-0: Ball
2-0: Fly out, F3 (Popup, 3F)
Batting: RHB Andrew Deal 0-0: Foul Ball, location: 2F
0-1: Ball
1-1: SINGLE (Groundball, 5)
Batting: RHB Bill Jordan 0-0: Ball
1-0: Ball
2-0: Ball
3-0: Base on Balls
Andrew Deal to second
Batting: SHB Don Pittman 0-0: Called Strike
Andrew Deal steals 3rd base
Bill Jordan to second
0-1: Called Strike
0-2: Ball
1-2: Foul Ball, location: 2F
1-2: Ball
2-2: Ball
3-2: Foul Ball, location: 2F
3-2: Base on Balls
Pitching: RHP Eddy Jackson
Batting: LHB Tony Smith 0-0: Foul Ball, location: 2F
0-1: Ball
1-1: Ball
2-1: Foul Ball, location: 2F
2-2: Strikes out swinging
Batting: LHB Kyle Harrison 0-0: Called Strike
0-1: Ball
1-1: Ground out U3 (Groundball, 3)
Top of the 6th over - 0 run(s), 1 hit(s), 0 error(s), 3 left on base; Kansas State 3 - Auburn 1
BOTTOM OF THE 6TH
Auburn Tigers batting - Pitching for Kansas State Wildcats : RHP Gil Paling
Batting: RHB Jeff Jones 0-0: Ball
1-0: SINGLE (Groundball, 15) (infield hit)
Batting: LHB Edison Snyder 0-0: DOUBLE (Line Drive, 56D)
Jeff Jones to third
Batting: RHB Doyle O'Dell 0-0: Called Strike
0-1: Swinging Strike
0-2: Strikes out swinging
Batting: RHB António Martínez 0-0: Foul Ball, location: 2F
0-1: Ball
1-1: SINGLE (Line Drive, 78S)
Jeff Jones scores
Edison Snyder to third
Runner from 3rd tries for Home, SAFE, no throw or cutoff
Batting: RHB Ángelo Young 0-0: Ball
1-0: Swinging Strike
1-1: Ball
2-1: Ground out 5-3 (Groundball, 56)
António Martínez to second
Pitching: RHP Beau May
Batting: RHB Artie Frye 0-0: Called Strike
0-1: Foul Ball, location: 2F
0-2: Ball
1-2: Strikes out swinging
Bottom of the 6th over - 2 run(s), 3 hit(s), 0 error(s), 1 left on base; Kansas State 3 - Auburn 3
TOP OF THE 7TH
Kansas State Wildcats batting - Pitching for Auburn Tigers : RHP Eddy Jackson
Batting: LHB Juan Cuervo 0-0: Foul Ball, location: 2F
0-1: Ball
1-1: Ball
2-1: Swinging Strike
2-2: Strikes out swinging
Batting: LHB José Rodríguez 0-0: Ball
1-0: Ball
2-0: Swinging Strike
2-1: SINGLE (Groundball, 34D)
Batting: RHB David Hernández 0-0: Ball
1-0: Fly out, F8 (Line Drive, 8LM)
Pinch Hitting: RHB Joe Saunders 0-0: Called Strike
0-1: Ground out 1-3 (Groundball, 13S)
Top of the 7th over - 0 run(s), 1 hit(s), 0 error(s), 1 left on base; Kansas State 3 - Auburn 3
BOTTOM OF THE 7TH
Auburn Tigers batting - Pitching for Kansas State Wildcats : RHP Beau May
Now at 3B: Leslie Kennedy
Batting: RHB Jody Díaz 0-0: Called Strike
0-1: Swinging Strike
0-2: Ball
1-2: Foul Ball, location: 2F
1-2: Foul Ball, location: 2F
1-2: Foul Ball, location: 2F
1-2: Ball
2-2: Foul Ball, location: 2F
2-2: Ground out 4-3 (Groundball, 4)
Batting: RHB John Zimmerman 0-0: Ball
1-0: Foul Ball, location: 2F
1-1: Ball
2-1: SINGLE (Line Drive, 56)
Batting: SHB Tim Campbell 0-0: Called Strike
0-1: Fly out, F7 (Flyball, 7S)
Batting: RHB Jeff Jones 0-0: Ball
1-0: Called Strike
1-1: Called Strike
1-2: Ball
2-2: Ball
3-2: Strikes out swinging
Bottom of the 7th over - 0 run(s), 1 hit(s), 0 error(s), 1 left on base; Kansas State 3 - Auburn 3
TOP OF THE 8TH
Kansas State Wildcats batting - Pitching for Auburn Tigers : RHP Eddy Jackson
Pinch Hitting: RHB José Valdés 0-0: Ball
1-0: Ball
2-0: Foul Ball, location: 2F
2-1: Ball
3-1: Called Strike
3-2: Strikes out looking
Pitching: RHP Will Park
Batting: RHB Bill Jordan 0-0: Ball
1-0: Called Strike
1-1: Ball
2-1: Fly out, F4 (Popup, 34)
Batting: SHB Don Pittman 0-0: Called Strike
0-1: Ball
1-1: Ball
2-1: Swinging Strike
2-2: Strikes out swinging
Top of the 8th over - 0 run(s), 0 hit(s), 0 error(s), 0 left on base; Kansas State 3 - Auburn 3
BOTTOM OF THE 8TH
Auburn Tigers batting - Pitching for Kansas State Wildcats : RHP Beau May
Now in LF: Salvador Castro
Batting: LHB Edison Snyder 0-0: Ball
1-0: SINGLE (Line Drive, 8LS)
Batting: RHB Doyle O'Dell 0-0: Called Strike
0-1: Fly out, F7 (Flyball, 78M)
Batting: RHB António Martínez Pickoff Throw to First - Out!
0-0: Called Strike
0-1: Fly out, F5 (Popup, 5DF)
Bottom of the 8th over - 0 run(s), 1 hit(s), 0 error(s), 0 left on base; Kansas State 3 - Auburn 3
TOP OF THE 9TH
Kansas State Wildcats batting - Pitching for Auburn Tigers : RHP Will Park
Pitching: RHP Francisco Rodríguez
Batting: LHB Tony Smith 0-0: Ball
1-0: Ball
2-0: Ball
3-0: Called Strike
3-1: Base on Balls
Batting: LHB Kyle Harrison 0-0: Ball
1-0: Ball
2-0: DOUBLE (Line Drive, 8LM)
Tony Smith to third
Batting: LHB Juan Cuervo 0-0: Ball
1-0: Swinging Strike
1-1: Ball
2-1: Ball
3-1: Base on Balls
Batting: LHB José Rodríguez 0-0: Foul Ball, location: 2F
0-1: Foul Ball, location: 2F
0-2: Ball
1-2: Ball
2-2: Fly out, F3 (Popup, 3SF)
Batting: RHB David Hernández 0-0: Foul Ball, location: 2F
0-1: Grounds into double play, 4-2-3 (Groundball, 4)
Top of the 9th over - 0 run(s), 1 hit(s), 0 error(s), 2 left on base; Kansas State 3 - Auburn 3
BOTTOM OF THE 9TH
Auburn Tigers batting - Pitching for Kansas State Wildcats : RHP Beau May
Pinch Hitting: RHB Albert Cordero 0-0: Ground out 4-3 (Groundball, 4)
Batting: RHB Artie Frye 0-0: Ball
1-0: Foul Ball, location: 2F
1-1: Ball
2-1: Ball
3-1: Base on Balls
Batting: RHB Jody Díaz 0-0: Called Strike
0-1: Called Strike
0-2: Ball
1-2: Ground out 4-3 (Groundball, 4M)
Artie Frye to second
Batting: RHB John Zimmerman 0-0: Ball
1-0: Fly out, F2 (Popup, 2RF)
Bottom of the 9th over - 0 run(s), 0 hit(s), 0 error(s), 1 left on base; Kansas State 3 - Auburn 3
TOP OF THE 10TH
Kansas State Wildcats batting - Pitching for Auburn Tigers : RHP Francisco Rodríguez
Now at 2B: Tim Bonner
Pinch Hitting: RHB Bobby Hinkle 0-0: Ground out 4-3 (Groundball, 34)
Batting: RHB Salvador Castro 0-0: SINGLE (Groundball, 6MD)
Batting: RHB Bill Jordan 0-0: Foul Ball, location: 2F
0-1: Ball
1-1: Ball
2-1: Called Strike
2-2: Grounds into double play, 6-4-3 (Groundball, 6)
Top of the 10th over - 0 run(s), 1 hit(s), 0 error(s), 0 left on base; Kansas State 3 - Auburn 3
BOTTOM OF THE 10TH
Auburn Tigers batting - Pitching for Kansas State Wildcats : RHP Beau May
Now at 3B: Gus Rainbolt
Batting: SHB Tim Campbell 0-0: Ball
1-0: Ball
2-0: Ball
3-0: Base on Balls
Batting: RHB Jeff Jones 0-0: Swinging Strike
0-1: Ball
1-1: SINGLE (Line Drive, 56)
Tim Campbell to second
Batting: LHB Edison Snyder 0-0: Ball
1-0: Called Strike
1-1: Ball
2-1: Ball
3-1: Foul Ball, location: 2F
3-2: Base on Balls
Tim Campbell to third
Jeff Jones to second
Pitching: RHP Ramón Morales
Batting: RHB Doyle O'Dell 0-0: Foul Ball, location: 2F
Balk!
Tim Campbell scores
This league is powered by Out of the Park Baseball, the baseball management simulation game for PC, Mac and Linux
Saturday, April 9th, 2016 - OOTP Baseball 16.8 Build 38